 Dungeon Crawl Stone Soup version 0.30-a0-591-g3c58d2bc28 (webtiles) character file.

Game seed: 15053197414337648120

1418 Newt the Cutter (level 8, 0/61 HPs)
             Began as a Demonspawn Gladiator on Jan 4, 2023.
             Shot with an arrow by a centaur (8 damage)
             ... on level 5 of the Dungeon.
             The game lasted 00:04:55 (5329 turns).

Newt the Cutter (Demonspawn Gladiator)              Turns: 5329, Time: 00:04:56

Health: 0/61       AC:  9    Str: 16    XL:     8   Next: 43%
Magic:  12/12      EV: 12    Int:  9    God:
Gold:   250        SH:  0    Dex: 16    Spells: 13/13 levels left

rFire   . . .      SeeInvis .    l - +4 short sword (venom)
rCold   . . .      Faith    .    (no shield)
rNeg    . . .      Spirit   .    b - +0 leather armour
rPois   .          Reflect  .    c - +0 helmet
rElec   .          Harm     .    k - +0 cloak {rCorr}
rCorr   +          Rampage  .    (no gloves)
Will    .....                    f - +0 pair of boots
Stlth   ++                       (no amulet)
HPRegen 0.30/turn                (no ring)
MPRegen 0.13/turn                (no ring)

@: no status effects
A: yellow scales 1
a: no special abilities


You were on level 5 of the Dungeon.
You visited 1 branch of the dungeon, and saw 5 of its levels.

You collected 250 gold pieces.

Inventory:

Hand Weapons
 a - a +0 rapier
 l - a +4 short sword of venom (weapon)
Missiles
 e - a javelin (quivered)
 h - 2 poisoned darts
Armour
 b - a +0 leather armour (worn)
 c - a +0 helmet (worn)
 f - a +0 pair of boots (worn)
 k - a +0 cloak of preservation (worn)
 p - a +0 cloak
Scrolls
 r - 2 scrolls of identify
Potions
 g - 6 potions of curing
 i - 4 potions of lignification
 j - a potion of mutation {unknown}
 m - a potion of haste
 n - 2 potions of magic
 o - a potion of heal wounds
 q - a potion of cancellation {unknown}


   Skills:
 + Level 4.5 Fighting
 - Level 6.0 Short Blades
 - Level 1.7 Throwing
 - Level 4.0 Armour
 - Level 2.6 Dodging
 - Level 3.0 Stealth
 - Level 3.0 Spellcasting
 - Level 3.0 Fire Magic


You had 13 spell levels left.
You didn't know any spells.
Your spell library contained the following spells:

 Spells                   Type           Power      Damage    Failure   Level
 Inner Flame              Hex/Fire       4%         N/A       50%         3
 Flame Wave               Conj/Fire      4%         2d5       88%         4
 Sticky Flame             Conj/Fire      4%         2d3       88%         4


Dungeon Overview and Level Annotations

Branches:
Dungeon (5/15)
 Temple: D:4-7

Altars:
Sif Muna
Trog
Vehumet
Wu Jian

Annotations:
D:4 3 runed translucent doors, Iich's ghost, novice DsGl


Innate Abilities, Weirdness & Mutations

You are partially covered in yellow scales. (AC +2)


Message History

The ice beast is lightly wounded.
You hit the ice beast but do no damage.
The ice beast looks as sick as possible!
The ice beast is lightly wounded.
The ice beast hits you but does no damage.
You hit the ice beast but do no damage.
The ice beast is lightly wounded.
The ice beast hits you but does no damage.
You closely miss the ice beast.
The ice beast is moderately wounded.
You hit the ice beast.
The ice beast is moderately wounded.
The ice beast hits you. The ice beast freezes you.
You hit the ice beast.
The ice beast is severely wounded.
The ice beast barely misses you.
You hit the ice beast but do no damage.
The ice beast looks as sick as possible!
The ice beast is severely wounded.
You hit the ice beast but do no damage.
The ice beast looks as sick as possible!
The ice beast is severely wounded.
The ice beast hits you but does no damage.
You hit the ice beast.
The ice beast looks as sick as possible!
The ice beast is almost dead.
You kill the ice beast!
The centaur shoots an arrow.
The arrow hits you!
* * * LOW HITPOINT WARNING * * *
Training target 3.0 for Fire Magic reached!
Your Fire Magic skill increases to level 3!
You need to enable at least one skill for training.
You hit the orc.
The orc is poisoned.
The orc is heavily wounded.
The orc barely misses you.
You hit the orc.
The orc looks as sick as possible!
The orc is almost dead.
You kill the orc!
The centaur shoots an arrow.
The arrow hits you!
You die...

..#.....##..###.###..##...
#.#....)##................
.......)..................
.......)..S.o.............
.#....c##w$o.............
#.#....(##l...............
........##+###ยง########...
.......w##..##.###...##...
.......c)@..........<.#...
.#########............#...
.##............#...
...............#...
.##.....##....##...
#.....########...
.##...........'....
..............##...
..............#####


You could see a centaur and a dart slug.

Vanquished Creatures
  A komodo dragon (D:5)
  Menkaure (D:4)
  An ice beast (D:5)
  A black bear (D:4)
  An ogre (D:4)
  A centaur (D:4)
  A phantom (D:5)
  A scorpion (D:4)
  A howler monkey (D:5)
  An orc priest (D:4)
  3 hounds
  Crazy Yiuf (D:2)
  Natasha (thrice) (D:2)
  2 orc wizards (D:4)
  3 iguanas
  8 adders
  2 ufetubi
  A worm (D:4)
  3 dart slugs (D:2)
  8 orcs
  6 ball pythons
  7 endoplasms
  3 giant cockroaches
  9 goblins
  5 hobgoblins
  2 kobolds
  A quokka (D:1)
  9 bats
  10 frilled lizards
  5 rats
101 creatures vanquished.

Vanquished Creatures (others)
  A kobold (D:3)
1 creature vanquished.

Grand Total: 102 creatures vanquished

Notes
Turn   | Place    | Note
-------+----------+-------------------------------------------
     0 | D:1      | Newt the Demonspawn Gladiator began the quest for the Orb.
     0 | D:1      | Reached XP level 1. HP: 16/16 MP: 1/1
   136 | D:1      | Reached skill level 1 in Stealth
   354 | D:1      | Gained mutation: You are partially covered in yellow
                  | scales. (AC +2) [demonic ancestry]
   354 | D:1      | Reached XP level 2. HP: 22/22 MP: 2/2
  1006 | D:2      | Found a runed translucent door.
  1007 | D:2      | Noticed Crazy Yiuf
  1241 | D:2      | Reached XP level 3. HP: 27/27 MP: 3/3
  1473 | D:2      | Reached XP level 4. HP: 34/34 MP: 4/4
  1701 | D:2      | Noticed Natasha
  1708 | D:2      | Killed Natasha
  1714 | D:2      | Found a shimmering blue altar of Sif Muna.
  1755 | D:2      | Noticed Natasha
  1767 | D:2      | Killed Natasha
  1860 | D:2      | Noticed Natasha
  1867 | D:2      | Killed Natasha
  1868 | D:2      | Reached XP level 5. HP: 41/42 MP: 5/5
  1909 | D:2      | Killed Crazy Yiuf
  1910 | D:2      | Reached skill level 3 in Short Blades
  2209 | D:3      | Found a radiant altar of Vehumet.
  3155 | D:4      | Noticed Menkaure
  3165 | D:4      | Killed Menkaure
  3166 | D:4      | Reached skill level 4 in Short Blades
  3166 | D:4      | Reached XP level 6. HP: 11/48 MP: 6/6
  3575 | D:4      | Reached skill level 5 in Short Blades
  3768 | D:4      | Found an ornate altar of the Wu Jian Council.
  3775 | D:4      | Reached XP level 7. HP: 50/54 MP: 7/7
  4096 | D:4      | Found a runed translucent gate.
  4097 | D:4      | Found a runed translucent gate.
  4098 | D:4      | Found a runed translucent gate.
  4146 | D:4      | Found a bloodstained altar of Trog.
  4371 | D:4      | Reached skill level 6 in Short Blades
  4502 | D:4      | Noticed Iich's ghost (novice DsGl)
  4531 | D:5      | Entered Level 5 of the Dungeon
  4555 | D:4      | Reached skill level 1 in Armour
  5206 | D:5      | Noticed a komodo dragon
  5248 | D:5      | Killed a komodo dragon
  5249 | D:5      | Reached XP level 8. HP: 24/60 MP: 7/12
  5254 | D:5      | Reached skill level 1 in Fire Magic
  5329 | D:5      | Shot with an arrow by a centaur

Illustrated notes

Levels and vault maps discovered:
D:1:      sevenhm_arrival_forest_fort_large_2, layout_basic, minmay_liquid_box,
          minmay_lizard_pond
D:2:      layout_loops_ring, basic_altar, minmay_heptomino_w4, uniq_natasha,
          uniq_crazy_yiuf_cottage
D:3:      layout_basic, fiery_altar_vehumet, roderic_serpentine_path
D:4:      layout_loops_ring, mainiacjoe_overflow_small_starburst,
          marbit_many_paths, gammafunk_ghost_icy, uniq_menkaure
D:5:      cheibrodos_fzero, layout_gridville, mainiacjoe_overflow_alcove_4,
          st_stairs_5, nicolae_specific_store

Skill      XL: |  1  2  3  4  5  6  7  8 |
---------------+-------------------------+-----
Stealth        | 1 2 3 |  3.0
Fighting       | 4 |  4.5
Short Blades   | 4 5 6 |  6.0
Armour         | 4 |  4.0
Spellcasting   | 3 |  3.0
Fire Magic     | 3 |  3.0
Throwing       | |  1.7
Dodging        | |  2.6

Action                   |  1- 3 |  4- 6 |  7- 9 || total
-------------------------+-------+-------+-------++-------
Melee: Rapier            |    31 |       |       ||    31
       Short sword       |    67 |    82 |   152 ||   301
       Punch             |     1 |     1 |     3 ||     5
Throw: Throwing net      |       |     2 |     4 ||     6
  Use: Scroll            |     5 |     7 |     1 ||    13
       Potion            |       |     1 |       ||     1
 Stab: Sleeping          |     3 |     1 |     1 ||     5
       Held in net/web   |       |     2 |     2 ||     4
Armor: Leather armour    |    43 |    42 |    42 ||   127
       Skin              |       |     7 |       ||     7
Dodge: Dodged            |    54 |    40 |    85 ||   179

Table legend: (Time is in decaauts)
 A = Elapsed time spent in this place.
 B = Non-inter-level travel time spent in this place.
 C = Inter-level travel time spent in this place.
 D = Time resting spent in this place.
 E = Time spent auto-exploring this place.
 F = Levels seen in this place.
 G = Mean time per level.
                   A        B        C        D        E       F      G
               +--------+--------+--------+--------+--------+-----+--------+
         Total |   5276 |   5135 |    141 |   1134 |   3344 |   5 | 1055.2 |
       Dungeon |   5276 |   5135 |    141 |   1134 |   3344 |   5 | 1055.2 |
               +--------+--------+--------+--------+--------+-----+--------+

Top non-repeatable levels by time:
     D:4: 1909 daAuts
     D:3: 1179 daAuts
     D:2: 1048 daAuts
     D:1: 922 daAuts
     D:5: 216 daAuts
